 Dungeon Crawl Stone Soup version 0.18-a0-1800-gdc7a371 (webtiles) character file.

984 Moloch the Cleaver (level 7, 0/57 HPs)
             Began as a Minotaur Fighter on Apr 24, 2016.
             Slain by Prince Ribbit (10 damage)
             ... on level 5 of the Dungeon.
             The game lasted 00:05:19 (4233 turns).

Moloch the Cleaver (Minotaur Fighter)               Turns: 4233, Time: 00:05:20

Health: 0/57       AC: 12    Str: 23    XL:     7   Next: 97%
Magic:  6/6        EV:  4    Int:  5    God:
Gold:   163        SH:  9    Dex:  9    Spells: 0 memorised, 6 levels left

rFire  . . .     SeeInvis .     a - +0 war axe
rCold  . . .     Gourm    .     q - +0 plate armour
rNeg   . . .     Faith    .     c - +0 shield
rPois  .         Spirit   .     (helmet restricted)
rElec  .         Dismiss  .     (no cloak)
rCorr  .         Reflect  .     (no gloves)
SustAt .         Harm     .     n - +0 pair of boots
MR     .....                    (no amulet)
Stlth  ..........               (no ring)
                                (no ring)

@: lethally poisoned (0 -> -1), marked, not resistant to hostile enchantments,
extremely unstealthy
A: retaliatory headbutt, horns 2
a: no special abilities


You were on level 5 of the Dungeon.
You were not hungry.

You visited 1 branch of the dungeon, and saw 5 of its levels.

You collected 163 gold pieces.

Inventory:

Hand Weapons
 a - a +0 war axe (weapon)
 D - a +0 flail
Armour
 c - a +0 shield (worn)
 n - a +0 pair of boots (worn)
 q - a +0 plate armour (worn)
Jewellery
 p - an uncursed ring of fire
Wands
 m - a wand of iceblast (10/15)
Scrolls
 b - 4 scrolls of identify {unknown}
 e - 2 scrolls of remove curse {unknown}
 h - a scroll of random uselessness {unknown}
 i - 3 scrolls of recharging {unknown}
 o - 2 scrolls of enchant armour {unknown}
 r - 3 scrolls of enchant weapon {unknown}
 x - a scroll of amnesia {unknown}
 y - a scroll of immolation {unknown}
 B - 2 scrolls of teleportation {unknown}
Potions
 d - a potion of might
 l - a potion of degeneration {unknown}
 s - 3 potions of agility {unknown}
 t - 3 potions of curing {unknown}
 u - a potion of haste {unknown}
 v - 3 potions of heal wounds {unknown}
 z - 2 potions of lignification {unknown}
 C - a potion of brilliance {unknown}
Comestibles
 f - 5 bread rations
 g - 4 meat rations
 j - 3 fruits
 k - 3 slices of pizza
 w - a royal jelly


   Skills:
 - Level 3.6 Fighting
 + Level 11.1 Axes
 - Level 3.6 Armour
 - Level 3.6 Shields


You had 6 spell levels left.
You didn't know any spells.

Dungeon Overview and Level Annotations

Branches:
Dungeon (5/15)
 Temple: D:4-7

Altars:
Makhleb
Sif Muna
Zin

Annotations:
D:5 Prince Ribbit


Innate Abilities, Weirdness & Mutations

You reflexively headbutt those who attack you in melee.
You have a pair of horns on your head.


Message History

* * * LOW HITPOINT WARNING * * *
The adder bites you.
* * * LOW HITPOINT WARNING * * *
You are poisoned.
The adder poisons you!
You miss Prince Ribbit.
Prince Ribbit is moderately wounded.
You miss the adder.
The adder is severely wounded.
You feel sick.
Prince Ribbit hits you but does no damage.
You block the adder's attack.
Prince Ribbit hits you but does no damage.
You block Prince Ribbit's attack.
You closely miss the adder.
The adder is severely wounded.
You closely miss Prince Ribbit.
Prince Ribbit is moderately wounded.
You feel sick. The adder bites you but does no damage. Prince Ribbit hits you!
You die...

###...### #.# #.# #.##
#...######.# #.# #...
#......>...# ##+## ###.
#...##########...## #. #...###
##.....## #####. ##.##.##
##.......## ##.....
#####.#...####...<.....####......
.............'.........+.......##
#.###.#...####.S@.....)####...###
#.# #.##..# ##.F....(## #......
#.# #.###.# ##.....## #.##### #.#
#..##.#######...## #.#
#.####.#..........[## #.#
#........[##.#.###.# #.#
######.#.###.#.# #.# #.#
#.......#.###.########.#
###>......#............#


You could see Prince Ribbit and an adder.

Vanquished Creatures
  Sigmund (D:4)
  An ogre (D:4)
  2 centaurs (D:5)
  2 scorpions
  The ghost of turtle the Ruffian, a weakling TrWr (D:5)
  A crimson imp (D:5)
  An orc priest (D:5)
  A jelly (D:3)
  A centaur skeleton (D:5)
  2 hounds (D:5)
  An orc wizard (D:5)
  An iguana (D:4)
  A worker ant (D:4)
  4 adders
  A shadow imp (D:5)
  An ooze (D:2)
  An adder skeleton (D:5)
  4 worms
  3 dart slugs
  3 giant geckos
  8 orcs
  5 giant cockroaches (D:1)
  6 goblins
  6 hobgoblins
  13 jackals
  A ball python (D:1)
  7 bats
  5 giant newts
  9 kobolds
  A quokka skeleton (D:5)
  40 rats
134 creatures vanquished.

Notes
Turn   | Place    | Note
--------------------------------------------------------------
     0 | D:1      | Moloch the Minotaur Fighter began the quest for the Orb.
     0 | D:1      | Reached XP level 1. HP: 19/19 MP: 0/0
    58 | D:1      | Reached skill level 3 in Axes
    87 | D:1      | Reached XP level 2. HP: 21/26 MP: 1/1
   262 | D:1      | Reached skill level 4 in Axes
   290 | D:1      | Reached XP level 3. HP: 28/31 MP: 2/2
   852 | D:2      | Reached skill level 5 in Axes
   973 | D:2      | Reached XP level 4. HP: 39/39 MP: 3/3
  1776 | D:3      | Reached skill level 6 in Axes
  1776 | D:3      | Reached XP level 5. HP: 45/45 MP: 4/4
  2346 | D:3      | Found a glowing silver altar of Zin.
  2346 | D:3      | Noticed an angel
  2409 | D:4      | Reached skill level 7 in Axes
  2650 | D:4      | Noticed an ogre
  2658 | D:4      | Killed an ogre
  2658 | D:4      | Reached skill level 8 in Axes
  2658 | D:4      | Reached XP level 6. HP: 34/51 MP: 5/5
  2788 | D:4      | Found a deep blue altar of Sif Muna.
  2958 | D:4      | Noticed Sigmund
  3128 | D:4      | Killed Sigmund
  3128 | D:4      | Reached skill level 9 in Axes
  3128 | D:4      | Reached XP level 7. HP: 53/57 MP: 6/6
  3235 | D:5      | Entered Level 5 of the Dungeon
  3499 | D:5      | Noticed Prince Ribbit
  3631 | D:5      | Noticed turtle's ghost (weakling TrWr)
  3639 | D:5      | Killed turtle's ghost
  3685 | D:5      | Reached skill level 10 in Axes
  3946 | D:5      | Reached skill level 11 in Axes
  4121 | D:5      | Found a burning altar of Makhleb.
  4121 | D:5      | Noticed a blizzard demon
  4124 | D:5      | Noticed a smoke demon
  4124 | D:5      | Noticed a smoke demon
  4233 | D:5      | Slain by Prince Ribbit

Vault maps used:
D:1:      ncdulo_watergridlock
D:3:      zin_angel, minmay_rats_cheesy_pizza
D:4:      overflow_temple_1_default, first_bread, uniq_sigmund
D:5:      makhleb_altar_promises_db, uniq_prince_ribbit1

Skill      XL: |  1  2  3  4  5  6  7 |
---------------+----------------------+-----
Axes           | 3 4 5 6 8 9 11 | 11.1
Fighting       | |  3.6
Armour         | |  3.6
Shields        | |  3.6

Action                   |  1- 3 |  4- 6 |  7- 9 || total
-------------------------+-------+-------+-------++-------
Melee: War axe           |   142 |   167 |    99 ||   408
       Headbutt          |    18 |    22 |     9 ||    49
  Eat: Chunk             |     1 |     7 |     3 ||    11
Armor: Chain mail        |   132 |       |       ||   132
       Scale mail        |     3 |       |       ||     3
       Plate armour      |     3 |    68 |    54 ||   125
Dodge: Dodged            |    31 |    14 |    14 ||    59
Block: Shield            |    89 |    58 |    41 ||   188
